 Dungeon Crawl Stone Soup version 0.31-a0-214-gb37851dbb3 (webtiles) character file.

Game seed: 13214436876611093775

21115 qw the Cleaver (level 12, -7/77 HPs)
             Began as a Gargoyle Fighter on July 1, 2023.
             Was a Priest of Okawaru.
             Mangled by a manticore (15 damage)
             ... summoned by Kirke
             ... on level 3 of the Lair of Beasts.
             The game lasted 00:06:13 (9410 turns).

qw the Cleaver (Gargoyle Fighter)                   Turns: 9410, Time: 00:06:14

Health: -7/77      AC: 35    Str: 27    XL:     12   Next: 86%
Magic:  19/19      EV: 10    Int: 13    God:    Okawaru [***...]
Gold:   613        SH:  6    Dex:  9    Spells: 11/11 levels left

rFire   + + .        t - +0 war axe (vamp)
rCold   + . .        c - +0 buckler
rNeg    + . .        x - +0 plate armour of Wapsaw {rElec rF+ rCorr Int+3}
rPois   inf          p - +1 hat {Will+}
rElec   +            s - scarf {rC+ rF+}
rCorr   +            l - +2 pair of gloves {Str+3}
SInv    .            n - +0 pair of boots
Will    +....        r - amulet of Vitality {RegenMP++ Regen++} Stlth
                     (no ring)
HPRegen 1.92/turn    o - +4 ring of protection
MPRegen 0.96/turn

%: no passive effects
@: about to teleport, heroic, slowed, very slow
A: sickness immunity, AC +8, negative energy resistance 1, electricity
resistance, torment resistance 1, petrification resistance
a: Renounce Religion, Heroism


You were on level 3 of the Lair of Beasts.
You worshipped Okawaru.
Okawaru was most pleased with you.
You visited 3 branches of the dungeon, and saw 13 of its levels.

You collected 613 gold pieces.


Innate Abilities, Weirdness & Mutations

You are immune to sickness and miasma.
Your stone body is resilient. (AC +8)
You are immune to poison.
You resist negative energy. (rN+)
You are resistant to electric shocks. (rElec)
You are resistant to unholy torment.
You are immune to petrification.


   Skills:
 - Level 10.1(15.1) Fighting
 + Level 12.9(17.9) Axes
 - Level 9.0(14.0) Armour
 - Level 2.9(7.9) Dodging
 - Level 6.2(11.2) Shields
 - Level 10.0 Invocations


You had 11 spell levels left.
You didn't know any spells.
Your spell library was empty.

Inventory:

Hand Weapons
 j - a +1 flail of holy wrath
 m - a +1 antimagic war axe
 q - a +2 flail of protection
 t - a +0 vampiric war axe (weapon)
 v - a +0 war axe
Armour
 c - a +0 buckler (worn)
 e - a scarf of repulsion
 g - a +0 helmet
 l - a +2 pair of gloves of strength (worn)
 n - a +0 pair of boots (worn)
 p - a +1 hat of willpower (worn)
 s - a scarf of resistance (worn)
 x - the +0 plate armour of Wapsaw (worn) {rElec rF+ rCorr Int+3}
   (Okawaru gifted it to you on level 1 of the Lair of Beasts)

   Int:       It affects your intelligence (+3).
   rF:        It protects you from fire.
   rElec:     It insulates you from electricity.
   rCorr:     It protects you from acid and corrosion.
Jewellery
 a - a ring of resist corrosion
 o - a +4 ring of protection (right hand)
 r - the amulet of Vitality (around neck) {RegenMP++ Regen++}
   (You found it on level 5 of the Dungeon)

   [amulet of magic regeneration]

   It increases your rate of magic regeneration.
   Regen:     It increases your rate of health regeneration.
Scrolls
 f - 5 scrolls of identify
Potions
 b - 2 potions of enlightenment
 d - a potion of might
 h - 4 potions of curing
 i - 8 potions of mutation
 u - a potion of attraction
 w - a potion of haste

Dungeon Overview and Level Annotations

Branches:
Dungeon (9/15)             Temple (1/1) D:4            Lair (3/5) D:9
 Shoals (0/4) Lair:3        Snake (0/4) Lair:3          Orc (0/2) D:9

Altars:
Ashenzari
Cheibriados
Elyvilon
Fedhas
Gozag
Hepliaklqana
Kikubaaqudgha
Makhleb
Nemelex Xobeh
Okawaru
Qazlal
Ru
Sif Muna
Trog
Uskayaw
Vehumet
Wu Jian
Xom
Yredelemnul
Zin
The Shining One

Shops:
D:5 :

Annotations:
D:5 exclusion: adder
Lair:1 3 runed translucent doors, qw's ghost, journeyman GrFi
Lair:3 Kirke


Message History

You closely miss the manticore.
The manticore is almost dead.
You slash the sphinx! You barely miss Kirke. You hit the manticore.
The manticore closely misses you.
The manticore claws you but does no damage. x2
The sphinx mumbles some strange words.
Something smites you! Kirke hits you with a +0 rapier.
You block the manticore's attack. The manticore closely misses you.
The manticore claws you but does no damage.
You hit the manticore.
The manticore is almost dead.
You hit the sphinx but do no damage. You hit Kirke.
You feel better.
You slash the manticore!
The sphinx casts a spell.
You are confused.
The manticore bites you! The manticore claws you.
The manticore barely misses you.
Kirke says, "Can we stop fighting?
I have some good wine for you..." Kirke misses you.
The manticore bites you but does no damage.
The manticore claws you but does no damage. x2
9409 ||| DRINKING 5 potions of curing.
You feel better.
9409 ||| (to cure confusion)
The sphinx hits you. You block the sphinx's attack. The sphinx hits you!
You block the manticore's attack.
The manticore claws you but does no damage. x2
Kirke hits you but does no damage.
The manticore bites you but does no damage.
The manticore barely misses you. The manticore claws you. The sphinx hits you!
The sphinx hits you but does no damage. x2; The manticore closely misses you.
The manticore claws you but does no damage. x2
9410 ||| READING scroll of teleportation.
As you read the scroll of teleportation, it crumbles to dust.
You feel strangely unstable. Kirke hits you with a +0 rapier.
The manticore bites you but does no damage.
The manticore misses you. You block the manticore's attack.
You block the sphinx's attack. The sphinx hits you but does no damage.
The sphinx barely misses you. The manticore bites you!
You die...

#..P##Y......##....#.....###....
+..Y.......#...##...%..##..##
#..#YY.....##...#....%<..##..#
####YY.....##........%%%######
........######........#P...
...>.....#..#.#............
...........................
..........................
........H@H...............
.......@H.......P###..## ##
....####.P#.....####.## . ...
#.####....# #...# .. #....##.#
#.....##...## .. ##......#.
.....##...... .##.....@.. ..
##...%. .#....Hh. #......
#######.#..).# ###.P##


You could see Kirke, a sphinx (summoned) and 2 manticores.

Vanquished Creatures
  Gastronok (Lair:2)
  A hydra (Lair:2)
  A boulder beetle (Lair:3)
  A two-headed ogre (D:9)
  2 harpies (Lair:3)
  7 elephants
  A guardian serpent (Lair:3)
  4 black mambas
  A torpor snail (Lair:3)
  4 komodo dragons
  A troll (D:7)
  5 dream sheep
  2 polar bears (Lair:2)
  3 blink frogs (Lair:2)
  6 hogs (Lair:3)
  26 yaks
  3 steam dragons
  3 basilisks
  A wyvern (D:8)
  Menkaure (D:7)
  7 water moccasins
  2 ice beasts
  4 orc warriors (D:9)
  2 black bears
  A sky beast (D:6)
  3 centaurs
  6 wolves (Lair:1)
  A phantom (D:6)
  Blork the orc (D:4)
  3 kobold brigands
  4 bullfrogs
  2 scorpions (D:4)
  A gnoll sergeant (D:8)
  6 killer bees (D:8)
  4 crimson imps (D:6)
  3 jellies
  A hound (D:6)
  2 gnoll boudas
  6 orc priests
  3 iguanas
  11 orc wizards
  Robin (D:3)
  7 gnolls
  9 adders
  A shadow imp (D:6)
  4 white imps
  An ufetubus (D:6)
  2 worms
  20 orcs
  4 ball pythons
  5 bats
  4 endoplasms
  9 giant cockroaches
  7 hobgoblins
  3 quokkas
  A frilled lizard (D:1)
  19 goblins
  25 kobolds
  5 rats
274 creatures vanquished.

Vanquished Creatures (others)
  A yak (D:9)
  A hound (D:7)
2 creatures vanquished.

Grand Total: 276 creatures vanquished

Notes
Turn   | Place    | Note
-------+----------+-------------------------------------------
     0 | D:1      | qw the Gargoyle Fighter began the quest for the Orb.
     0 | D:1      | Reached XP level 1. HP: 14/14 MP: 1/1
     0 | D:1      | 0 ||| qw: Version: 0.3-a-32-g5962c71
     0 | D:1      | 0 ||| qw: Game counter: 7453
     0 | D:1      | 0 ||| qw: Melee chars always use a shield: true
     0 | D:1      | 0 ||| qw: God list: Okawaru
     0 | D:1      | 0 ||| qw: Allow faded altars: false
     0 | D:1      | 0 ||| qw: Do Orc after clearing Dungeon:15 true
     0 | D:1      | 0 ||| qw: Do second Lair branch before Depths: true
     0 | D:1      | 0 ||| qw: Lair rune preference: random
     0 | D:1      | 0 ||| qw: Goals: Normal, Zot:1-4, Slime:5, God:TSO, Crypt,
                  | Tomb, Abyss, Pan, Hells, Win
     0 | D:1      | 0 ||| PLANNING D:1-11
    52 | D:1      | Reached skill level 2 in Axes
    74 | D:1      | 74 ||| Stepping ~*~*~tactically~*~*~ (stealth).
    76 | D:1      | 76 ||| Stepping ~*~*~tactically~*~*~ (stealth).
   150 | D:1      | Reached XP level 2. HP: 19/19 MP: 2/2
   243 | D:1      | 243 ||| Stepping ~*~*~tactically~*~*~ (stealth).
   254 | D:1      | Reached skill level 3 in Axes
   354 | D:1      | Reached XP level 3. HP: 19/23 MP: 3/3
   550 | D:1      | Found an iron altar of Okawaru.
   551 | D:1      | 551 ||| PLANNING OKAWARU WORSHIP
   555 | D:1      | 555 ||| UPGRADING to +0 pair of gloves.
   560 | D:1      | 560 ||| UPGRADING to +1 pair of gloves of strength.
   570 | D:1      | 570 ||| DROPPING +0 pair of gloves.
   571 | D:1      | 571 ||| UPGRADING to +0 chain mail.
   581 | D:1      | 581 ||| DROPPING +0 scale mail.
   582 | D:1      | 582 ||| UPGRADING to +0 pair of boots.
   587 | D:1      | 587 ||| READING scroll labelled TAPLOY GUMAL.
   588 | D:1      | 588 ||| READING 2 scrolls labelled CAESIMI AKKUDY.
   589 | D:1      | 589 ||| READING 2 scrolls labelled NUASOCHEILA.
   593 | D:1      | 593 ||| PLANNING D:1-11
   622 | D:2      | 622 ||| Stepping ~*~*~tactically~*~*~ (stealth).
   624 | D:2      | 624 ||| Stepping ~*~*~tactically~*~*~ (hiding).
   627 | D:2      | 627 ||| Stepping ~*~*~tactically~*~*~ (hiding).
   641 | D:2      | Reached XP level 4. HP: 22/28 MP: 4/4
   648 | D:2      | Reached skill level 4 in Axes
   723 | D:2      | 723 ||| DROPPING +0 club.
   737 | D:2      | 737 ||| Stepping ~*~*~tactically~*~*~ (stealth).
  1195 | D:2      | 1195 ||| DROPPING +0 whip.
  1358 | D:2      | Found a glowing golden altar of the Shining One.
  1364 | D:2      | You fall into a shaft and drop 1 floor!
  1473 | D:3      | 1473 ||| UPGRADING to +0 helmet.
  1478 | D:3      | 1478 ||| UPGRADING to ring of resist corrosion.
  1479 | D:3      | 1479 ||| READING 3 scrolls labelled NOGAEREQUE.
  1480 | D:3      | 1480 ||| READING 2 scrolls of identify.
  1480 | D:3      | 1480 ||| IDENTIFYING fizzy purple potion
  1481 | D:3      | 1481 ||| DROPPING 2 scrolls of vulnerability.
  1569 | D:3      | 1569 ||| Stepping ~*~*~tactically~*~*~ (stealth).
  1580 | D:3      | Reached XP level 5. HP: 32/32 MP: 5/5
  1601 | D:3      | Noticed Robin
  1611 | D:3      | Killed Robin
  1625 | D:3      | 1625 ||| Stepping ~*~*~tactically~*~*~ (stealth).
  1628 | D:3      | 1628 ||| Stepping ~*~*~tactically~*~*~ (stealth).
  1637 | D:3      | 1637 ||| Stepping ~*~*~tactically~*~*~ (stealth).
  1638 | D:3      | 1638 ||| Stepping ~*~*~tactically~*~*~ (stealth).
  1770 | D:3      | Found a basalt altar of Yredelemnul.
  1827 | D:3      | Found a stormy altar of Qazlal.
  2017 | D:3      | 2017 ||| Stepping ~*~*~tactically~*~*~ (stealth).
  2018 | D:3      | 2018 ||| Stepping ~*~*~tactically~*~*~ (stealth).
  2038 | D:3      | 2038 ||| Stepping ~*~*~tactically~*~*~ (stealth).
  2040 | D:3      | 2040 ||| Stepping ~*~*~tactically~*~*~ (hiding).
  2041 | D:3      | 2041 ||| Stepping ~*~*~tactically~*~*~ (hiding).
  2076 | D:3      | 2076 ||| READING 3 scrolls of identify.
  2076 | D:3      | 2076 ||| IDENTIFYING silvery potion
  2077 | D:3      | 2077 ||| DROPPING potion of degeneration.
  2177 | D:4      | Reached skill level 5 in Axes
  2224 | D:4      | Reached XP level 6. HP: 36/38 MP: 6/6
  2267 | D:4      | Noticed Blork the orc
  2283 | D:4      | Killed Blork the orc
  2284 | D:4      | HP: 8/38 [adder (2)]
  2285 | D:4      | 2285 ||| READING 2 scrolls of teleportation.
  2289 | D:4      | 2289 ||| Stepping ~*~*~tactically~*~*~ (stealth).
  2295 | D:4      | 2295 ||| Stepping ~*~*~tactically~*~*~ (stealth).
  2296 | D:4      | 2296 ||| Stepping ~*~*~tactically~*~*~ (stealth).
  2404 | D:4      | Found a staircase to the Ecumenical Temple.
  2405 | D:4      | 2405 ||| PLANNING TEMPLE
  2405 | D:4      | 2405 ||| READING scroll labelled ROSAPUK BUUN.
  2406 | D:4      | 2406 ||| READING 3 scrolls of identify.
  2406 | D:4      | 2406 ||| IDENTIFYING fuming purple potion
  2407 | D:4      | 2407 ||| READING 2 scrolls of identify.
  2407 | D:4      | 2407 ||| IDENTIFYING viscous red potion
  2408 | D:4      | 2408 ||| DROPPING potion of ambrosia.
  2414 | Temple   | Entered the Ecumenical Temple
  2415 | Temple   | 2415 ||| PLANNING OKAWARU WORSHIP
  2453 | Temple   | Became a worshipper of Warmaster Okawaru
  2454 | Temple   | 2454 ||| PLANNING D:1-11
  2484 | D:4      | 2484 ||| DROPPING +0 flail.
  2532 | D:4      | Found a hazy altar of Hepliaklqana.
  2680 | D:4      | Reached skill level 6 in Axes
  2694 | D:4      | 2694 ||| Stepping ~*~*~tactically~*~*~ (stealth).
  2695 | D:4      | 2695 ||| Stepping ~*~*~tactically~*~*~ (stealth).
  2696 | D:4      | 2696 ||| Stepping ~*~*~tactically~*~*~ (stealth).
  2697 | D:4      | 2697 ||| Stepping ~*~*~tactically~*~*~ (stealth).
  2698 | D:4      | 2698 ||| Stepping ~*~*~tactically~*~*~ (stealth).
  2892 | D:4      | 2892 ||| UPGRADING to scarf of repulsion.
  2897 | D:4      | 2897 ||| UPGRADING to +4 ring of protection.
  2902 | D:5      | Entered Level 5 of the Dungeon
  2979 | D:5      | Found the amulet of Vitality {RegenMP++ Regen++}
  3112 | D:5      | Reached skill level 1 in Dodging
  3112 | D:5      | Reached XP level 7. HP: 34/43 MP: 7/7
  3200 | D:5      | Found Igiloy's Book Shoppe.
  3228 | D:5      | 3228 ||| UPGRADING to scarf of resistance.
  3241 | D:5      | 3241 ||| UPGRADING to amulet of Vitality {RegenMP++
                  | Regen++}.
  3246 | D:5      | 3246 ||| READING scroll labelled QOONWA NAUFFEBAEB.
  3247 | D:5      | 3247 ||| READING scroll labelled NAAW GEJUU.
  3248 | D:5      | 3248 ||| READING 5 scrolls of identify.
  3248 | D:5      | 3248 ||| IDENTIFYING purple potion
  3249 | D:5      | 3249 ||| DROPPING potion of brilliance.
  3445 | D:5      | Reached skill level 7 in Axes
  3764 | D:5      | 3764 ||| READING scroll labelled NOJYZX ZOUC.
  3765 | D:5      | 3765 ||| READING 4 scrolls of identify.
  3765 | D:5      | 3765 ||| IDENTIFYING cyan potion
  3798 | D:6      | Reached * piety under Okawaru
  3816 | D:6      | Reached skill level 1 in Invocations
  3890 | D:6      | Reached XP level 8. HP: 49/49 MP: 9/9
  3890 | D:6      | Found a sacrificial altar of Ru.
  3894 | D:6      | 3894 ||| Stepping ~*~*~tactically~*~*~ (stealth).
  3901 | D:6      | 3901 ||| Stepping ~*~*~tactically~*~*~ (stealth).
  3942 | D:6      | 3942 ||| Stepping ~*~*~tactically~*~*~ (hiding).
  3970 | D:6      | Reached skill level 3 in Invocations
  3982 | D:6      | Found a shimmering altar of Xom.
  4078 | D:6      | 4078 ||| Stepping ~*~*~tactically~*~*~ (hiding).
  4270 | D:6      | Reached ** piety under Okawaru
  4433 | D:6      | 4433 ||| DROPPING +2 ring mail of fire resistance.
  4434 | D:6      | 4434 ||| DROPPING ring of wizardry.
  4435 | D:6      | 4435 ||| READING scroll labelled JUERREWOOM.
  4436 | D:6      | 4436 ||| READING 5 scrolls of identify.
  4436 | D:6      | 4436 ||| IDENTIFYING inky potion
  4437 | D:6      | 4437 ||| DROPPING potion of berserk rage.
  4496 | D:7      | Noticed a troll
  4497 | D:7      | 4497 ||| Stepping ~*~*~tactically~*~*~ (hiding).
  4502 | D:7      | 4502 ||| INVOKING Heroism.
  4515 | D:7      | Killed a troll
  4516 | D:7      | Reached skill level 8 in Axes
  4524 | D:7      | 4524 ||| INVOKING Heroism.
  4531 | D:7      | Reached skill level 6 in Fighting
  4531 | D:7      | Reached XP level 9. HP: 54/55 MP: 12/12
  4534 | D:7      | Noticed Menkaure
  4540 | D:7      | Killed Menkaure
  4578 | D:7      | Reached skill level 9 in Axes
  4639 | D:7      | 4639 ||| Stepping ~*~*~tactically~*~*~ (stealth).
  4641 | D:7      | 4641 ||| Stepping ~*~*~tactically~*~*~ (hiding).
  4642 | D:7      | 4642 ||| Stepping ~*~*~tactically~*~*~ (hiding).
  4652 | D:7      | 4652 ||| INVOKING Heroism.
  4655 | D:7      | 4655 ||| Stepping ~*~*~tactically~*~*~ (hiding).
  4666 | D:7      | 4666 ||| INVOKING Heroism.
  4711 | D:7      | 4711 ||| Stepping ~*~*~tactically~*~*~ (stealth).
  4719 | D:7      | 4719 ||| Stepping ~*~*~tactically~*~*~ (stealth).
  4723 | D:7      | 4723 ||| Stepping ~*~*~tactically~*~*~ (hiding).
  4724 | D:7      | 4724 ||| INVOKING Heroism.
  4867 | D:7      | 4867 ||| DROPPING +0 hand axe.
  4892 | D:7      | 4892 ||| INVOKING Heroism.
  4903 | D:7      | Found a hide-covered altar of Uskayaw.
  5078 | D:7      | 5078 ||| INVOKING Heroism.
  5132 | D:7      | 5132 ||| UPGRADING to +0 plate armour.
  5142 | D:7      | 5142 ||| DROPPING +0 chain mail.
  5143 | D:7      | 5143 ||| DROPPING +0 scale mail of fire resistance.
  5144 | D:7      | 5144 ||| READING scroll labelled REBOEQ KIUPT.
  5294 | D:8      | Found a glowing golden altar of the Shining One.
  5294 | D:8      | Found a glowing silver altar of Zin.
  5341 | D:8      | Reached skill level 6 in Armour
  5352 | D:8      | Reached *** piety under Okawaru
  5362 | D:8      | Reached XP level 10. HP: 63/63 MP: 13/13
  5370 | D:8      | Found a radiant altar of Vehumet.
  5393 | D:8      | 5393 ||| Stepping ~*~*~tactically~*~*~ (stealth).
  5394 | D:8      | 5394 ||| Stepping ~*~*~tactically~*~*~ (stealth).
  5407 | D:8      | Reached skill level 10 in Axes
  5542 | D:8      | 5542 ||| Stepping ~*~*~tactically~*~*~ (hiding).
  5558 | D:8      | 5558 ||| Stepping ~*~*~tactically~*~*~ (hiding).
  5571 | D:8      | 5571 ||| Stepping ~*~*~tactically~*~*~ (stealth).
  5573 | D:8      | 5573 ||| Stepping ~*~*~tactically~*~*~ (stealth).
  5624 | D:8      | Reached **** piety under Okawaru
  5774 | D:8      | 5774 ||| Stepping ~*~*~tactically~*~*~ (hiding).
  5778 | D:8      | 5778 ||| INVOKING Heroism.
  5902 | D:8      | Found an ancient bone altar of Kikubaaqudgha.
  5903 | D:8      | 5903 ||| READING scroll labelled ESEFON ESMIC.
  5965 | D:9      | Noticed a two-headed ogre
  5966 | D:9      | 5966 ||| INVOKING Heroism.
  5981 | D:9      | Killed a two-headed ogre
  5982 | D:9      | Reached skill level 6 in Shields
  6004 | D:9      | 6004 ||| INVOKING Heroism.
  6108 | D:9      | Reached skill level 6 in Invocations
  6159 | D:9      | Reached XP level 11. HP: 68/68 MP: 15/15
  6223 | D:9      | 6223 ||| Stepping ~*~*~tactically~*~*~ (stealth).
  6225 | D:9      | 6225 ||| Stepping ~*~*~tactically~*~*~ (stealth).
  6227 | D:9      | 6227 ||| Stepping ~*~*~tactically~*~*~ (hiding).
  6230 | D:9      | 6230 ||| Stepping ~*~*~tactically~*~*~ (hiding).
  6245 | D:9      | 6245 ||| INVOKING Heroism.
  6272 | D:9      | Found a staircase to the Lair.
  6307 | D:9      | 6307 ||| Stepping ~*~*~tactically~*~*~ (hiding).
  6309 | D:9      | 6309 ||| INVOKING Heroism.
  6314 | D:9      | 6314 ||| DRINKING 5 potions of curing.
  6314 | D:9      | 6314 ||| (to cure confusion)
  6317 | D:9      | 6317 ||| Stepping ~*~*~tactically~*~*~ (hiding).
  6323 | D:9      | Reached skill level 11 in Axes
  6337 | D:9      | 6337 ||| Stepping ~*~*~tactically~*~*~ (hiding).
  6338 | D:9      | 6338 ||| Stepping ~*~*~tactically~*~*~ (hiding).
  6339 | D:9      | 6339 ||| Stepping ~*~*~tactically~*~*~ (hiding).
  6378 | D:9      | Found a staircase to the Orcish Mines.
  6557 | D:9      | 6557 ||| PLANNING LAIR
  6569 | Lair:1   | Entered Level 1 of the Lair of Beasts
  6570 | Lair:1   | 6570 ||| INVOKING Heroism.
  6684 | Lair:1   | 6684 ||| Stepping ~*~*~tactically~*~*~ (stealth).
  6685 | Lair:1   | 6685 ||| Stepping ~*~*~tactically~*~*~ (stealth).
  6756 | Lair:1   | 6756 ||| Stepping ~*~*~tactically~*~*~ (stealth).
  6940 | Lair:1   | Found a runed translucent gate.
  6940 | Lair:1   | Found a runed translucent gate.
  6940 | Lair:1   | Noticed qw's ghost (journeyman GrFi)
  6942 | Lair:1   | Found a runed translucent gate.
  6989 | Lair:1   | 6989 ||| Stepping ~*~*~tactically~*~*~ (stealth).
  6990 | Lair:1   | 6990 ||| Stepping ~*~*~tactically~*~*~ (stealth).
  6991 | Lair:1   | 6991 ||| Stepping ~*~*~tactically~*~*~ (stealth).
  6992 | Lair:1   | 6992 ||| Stepping ~*~*~tactically~*~*~ (stealth).
  7014 | Lair:1   | Reached ***** piety under Okawaru
  7019 | Lair:1   | 7019 ||| INVOKING Heroism.
  7037 | Lair:1   | Reached skill level 9 in Invocations
  7046 | Lair:1   | Reached skill level 9 in Fighting
  7421 | Lair:1   | 7421 ||| INVOKING Heroism.
  7431 | Lair:1   | Identified the +0 plate armour of Wapsaw {rElec rF+ rCorr
                  | Int+3} (Okawaru gifted it to you on level 1 of the Lair of
                  | Beasts)
  7431 | Lair:1   | Received a gift from Okawaru
  7622 | Lair:1   | 7622 ||| UPGRADING to +0 plate armour of Wapsaw {rElec rF+
                  | rCorr Int+3}.
  7632 | Lair:1   | 7632 ||| REMOVING ring of resist corrosion.
  7633 | Lair:1   | 7633 ||| DROPPING +0 plate armour.
  7634 | Lair:1   | 7634 ||| DROPPING +6 ring of intelligence.
  7635 | Lair:1   | 7635 ||| READING scroll labelled MOFES UWAL.
  7689 | Lair:2   | Noticed Gastronok
  7690 | Lair:2   | 7690 ||| INVOKING Heroism.
  7721 | Lair:2   | Killed Gastronok
  7722 | Lair:2   | Reached XP level 12. HP: 64/76 MP: 19/19
  7761 | Lair:2   | 7761 ||| INVOKING Heroism.
  7899 | Lair:2   | 7899 ||| INVOKING Heroism.
  7924 | Lair:2   | 7924 ||| INVOKING Heroism.
  8037 | Lair:2   | Noticed a seven-headed hydra
  8038 | Lair:2   | 8038 ||| INVOKING Heroism.
  8039 | Lair:2   | 8039 ||| INVOKING Finesse.
  8042 | Lair:2   | 8042 ||| SWAPPING to +1 flail of holy wrath.
  8050 | Lair:2   | Killed a seven-headed hydra
  8051 | Lair:2   | 8051 ||| SWAPPING to +0 vampiric war axe.
  8085 | Lair:2   | 8085 ||| INVOKING Heroism.
  8205 | Lair:2   | 8205 ||| Stepping ~*~*~tactically~*~*~ (hiding).
  8477 | Lair:2   | 8477 ||| UPGRADING to +1 hat of willpower.
  8514 | Lair:3   | Reached skill level 12 in Axes
  8575 | Lair:3   | Found a staircase to the Shoals.
  8584 | Lair:3   | 8584 ||| INVOKING Heroism.
  8732 | Lair:3   | Found a staircase to the Snake Pit.
  8738 | Lair:3   | 8738 ||| FLEEEEING.
  8741 | Lair:3   | 8741 ||| FLEEEEING.
  8742 | Lair:3   | 8742 ||| FLEEEEING.
  8744 | Lair:3   | 8744 ||| INVOKING Heroism.
  8837 | Lair:3   | Noticed a boulder beetle
  8838 | Lair:3   | 8838 ||| INVOKING Heroism.
  8854 | Lair:3   | 8854 ||| INVOKING Heroism.
  8884 | Lair:3   | Killed a boulder beetle
  8932 | Lair:3   | 8932 ||| Stepping ~*~*~tactically~*~*~ (stealth).
  8933 | Lair:3   | 8933 ||| Stepping ~*~*~tactically~*~*~ (stealth).
  8950 | Lair:3   | Reached skill level 9 in Armour
  8979 | Lair:3   | Noticed Kirke
  8980 | Lair:3   | 8980 ||| INVOKING Heroism.
  8986 | Lair:3   | 8986 ||| FLEEEEING.
  8987 | Lair:3   | 8987 ||| FLEEEEING.
  8990 | Lair:3   | 8990 ||| FLEEEEING.
  8991 | Lair:3   | 8991 ||| Stepping ~*~*~tactically~*~*~ (hiding).
  8992 | Lair:3   | 8992 ||| FLEEEEING.
  8993 | Lair:3   | 8993 ||| Stepping ~*~*~tactically~*~*~ (hiding).
  8994 | Lair:3   | 8994 ||| FLEEEEING.
  8995 | Lair:3   | 8995 ||| READING 6 scrolls of teleportation.
  8999 | Lair:3   | 8999 ||| FLEEEEING.
  9000 | Lair:3   | 9000 ||| FLEEEEING.
  9001 | Lair:3   | 9001 ||| FLEEEEING.
  9002 | Lair:3   | 9002 ||| FLEEEEING.
  9003 | Lair:3   | 9003 ||| STAIRDANCE
  9111 | Lair:2   | 9111 ||| READING 6 scrolls of identify.
  9111 | Lair:2   | 9111 ||| IDENTIFYING murky dark potion
  9114 | Lair:3   | 9114 ||| INVOKING Heroism.
  9147 | Lair:3   | 9147 ||| READING scroll of enchant armour.
  9147 | Lair:3   | 9147 ||| ENCHANTING +1 pair of gloves of strength.
  9189 | Lair:3   | 9189 ||| INVOKING Heroism.
  9191 | Lair:3   | 9191 ||| Stepping ~*~*~tactically~*~*~ (stealth).
  9192 | Lair:3   | 9192 ||| Stepping ~*~*~tactically~*~*~ (stealth).
  9195 | Lair:3   | 9195 ||| Stepping ~*~*~tactically~*~*~ (stealth).
  9198 | Lair:3   | 9198 ||| FLEEEEING.
  9199 | Lair:3   | 9199 ||| READING 5 scrolls of teleportation.
  9203 | Lair:3   | 9203 ||| READING 4 scrolls of teleportation.
  9214 | Lair:3   | 9214 ||| READING 3 scrolls of teleportation.
  9218 | Lair:3   | 9218 ||| READING 2 scrolls of teleportation.
  9230 | Lair:3   | 9230 ||| FLEEEEING.
  9231 | Lair:3   | 9231 ||| FLEEEEING.
  9232 | Lair:3   | 9232 ||| FLEEEEING.
  9234 | Lair:3   | 9234 ||| STAIRDANCE
  9341 | Lair:3   | 9341 ||| INVOKING Heroism.
  9383 | Lair:3   | 9383 ||| Stepping ~*~*~tactically~*~*~ (stealth).
  9385 | Lair:3   | 9385 ||| INVOKING Heroism.
  9388 | Lair:3   | 9388 ||| Stepping ~*~*~tactically~*~*~ (hiding).
  9402 | Lair:3   | Noticed a sphinx
  9409 | Lair:3   | 9409 ||| DRINKING 5 potions of curing.
  9409 | Lair:3   | 9409 ||| (to cure confusion)
  9409 | Lair:3   | HP: 8/77 [sphinx[Kirke] (14)]
  9410 | Lair:3   | 9410 ||| READING scroll of teleportation.
  9410 | Lair:3   | Mangled by a manticore

Levels and vault maps discovered:
D:1:      dpeg_arrival_water_altar, layout_basic
D:2:      layout_loops_ring, basic_altar, kennysheep_generic_room_7
D:3:      layout_loops_ring, nicolae_qazlal_eye_of_the_storm,
          yredelemnul_altar_generic, roderic_nine_men_s_morris, uniq_robin
D:4:      layout_loops_cross, worldfamousw_hep_ancestral_shrine,
          minmay_temple_entry_gardened_gates, uniq_blork_the_orc
D:5:      layout_basic, serial_shops, nicolae_shop_statue_plus,
          amcnicky_mini_corridor_feature
D:6:      layout_rooms, nicolae_ru_great_annihilating_truth, led_xom_imps
D:7:      layout_basic, marbit_many_paths, uniq_menkaure
D:8:      layout_loops_ring, mainiacjoe_overflow_swirl,
          amethyst_overflow_temple_binary
D:9:      layout_cave_pools, david_lair_generic, david_orc_4
Temple:   nicolae_temple_ecumenical_triangle
Lair:1:   layout_cave_pods, gammafunk_ghost_split
Lair:2:   layout_gridlike, dreamdust_gnoll_shepherd, uniq_gastronok
Lair:3:   layout_regular_city, nicolae_shoals_entry_roost,
          minmay_snake_entry_spellcaster, gammafunk_ghost_hydra_chop, uniq_kirke

Skill      XL: |  1  2  3  4  5  6  7  8  9 10 11 12 |
---------------+-------------------------------------+-----
Axes           | 2 3 4 5 6 7 8 9 10 11 12 | 12.9
Fighting       | 4 5 6 7 8 9 10 | 10.1
Dodging        | 1 2 |  2.9
Invocations    | 2 4 6 9 10 | 10.0
Armour         | 4 6 7 8 9 |  9.0
Shields        | 4 6 |  6.2

Action                     |  1- 3 |  4- 6 |  7- 9 | 10-12 || total
---------------------------+-------+-------+-------+-------++-------
  Melee: War axe           |    83 |   143 |   289 |   632 ||  1147
         Unarmed           |       |       |       |    13 ||    13
         Flail             |       |       |       |     8 ||     8
 Invoke: Heroism           |       |       |     7 |    23 ||    30
         Finesse           |       |       |       |     1 ||     1
    Use: Scroll            |     3 |     7 |     8 |    10 ||    28
         Potion            |       |       |       |     2 ||     2
 Armour: Scale mail        |    32 |       |       |       ||    32
         Chain mail        |     5 |    73 |   130 |       ||   208
         Plate armour      |       |       |    37 |   568 ||   605
  Dodge: Dodged            |    35 |    53 |    99 |   295 ||   482
  Block: Buckler           |     8 |    23 |    43 |   177 ||   251

Table legend:
 A = Non-vault XP
 B = Vault XP
 C = Vault XP percentage of total XP
 D = Non-vault monster count
 E = Vault monster count
 F = Vault count percentage of total count
                 A         B        C        D         E       F
            +---------+---------+-------+---------+---------+-------
      Total |   22661 |    7504 |  24.9 |     218 |      58 |  21.0
            +---------+---------+-------+---------+---------+-------
        D:1 |      43 |       0 |   0.0 |      26 |       0 |   0.0
        D:2 |     110 |       4 |   3.5 |      15 |       2 |  11.8
        D:3 |      18 |      35 |  66.0 |       8 |      12 |  60.0
        D:4 |     272 |     100 |  26.9 |      12 |       1 |   7.7
        D:5 |     388 |       0 |   0.0 |      10 |       0 |   0.0
        D:6 |     782 |     248 |  24.1 |      15 |       8 |  34.8
        D:7 |    1120 |     377 |  25.2 |      31 |       2 |   6.1
        D:8 |    3477 |       0 |   0.0 |      37 |       0 |   0.0
        D:9 |    2759 |    1784 |  39.3 |      16 |      20 |  55.6
     Lair:1 |    5162 |       0 |   0.0 |      18 |       0 |   0.0
     Lair:2 |    3217 |    2097 |  39.5 |      12 |       4 |  25.0
     Lair:3 |    5313 |    2859 |  35.0 |      18 |       9 |  33.3
            +---------+---------+-------+---------+---------+-------
